Ice Dragons vs Griffins
Created - March 14, 2018 at 19:05
Goals
|
| Ice Dragons |
2 |
0 |
2 |
4 |
| Griffins |
2 |
0 |
3 |
5 |
|
Shots
|
| Ice Dragons |
14 |
7 |
17 |
38 |
| Griffins |
11 |
4 |
12 |
27 |
|
1st period
1. Ice Dragons , Tyler Haskins 19 (Petr Vrana 20, Justin Faulk 34) at 12:30
2. Griffins , Robert Dome 16 (Ben Hanowski 16) at 14:17
3. Ice Dragons , Logan MacMillan 9 (Kevin Connauton 19, Brendon Nash 32) at 17:03
4. Griffins , Mike Duco 19 (Lukas Krajicek 8, Jamie Arniel 51) at 19:16
Penalties :
Brandon Kozun (Kin) for Holding (Minor) at 2:17, Michael Latta (Kin) for Hooking (Minor) at 14:28
2nd period
No Goal
Penalties :
Michael Latta (Kin) for Hooking (Minor) at 0:03, Jamie Arniel (Cap) for Tripping (Minor) at 1:38, Petr Pohl (Cap) for Holding (Minor) at 15:39
3rd period
5. Griffins , Simon Despres 5 (Lukas Krajicek 9) at 0:48 (PP)
6. Griffins , Lukas Krajicek 2 (Jamie Arniel 52) at 0:52
7. Griffins , Robert Dome 17 (Petr Pohl 59, Jamie Arniel 53) at 5:25 (PP)
8. Ice Dragons , Tyler Haskins 20 (Petr Vrana 21, Brendon Nash 33) at 12:01 (PP)
9. Ice Dragons , Curtis Glencross 34 (Troy Brouwer 32) at 16:04
Penalties :
Troy Brouwer (Kin) for High sticking (Minor) at 0:16, Justin Faulk (Kin) for Hooking (Minor) at 5:17, Justin Faulk (Kin) for Interference (Minor) at 6:04, Simon Despres (Cap) for Roughing (Minor) at 11:11
Goalie Stats
Anders Nilsson (Kin), 13 saves from 17 shots - (0.765), 40:52 minutes
Harru Sateri (Kin), 9 saves from 10 shots - (0.900), L, 1-6-0, 18:05 minutes
Jason Missiaen (Cap), 34 saves from 38 shots - (0.895), W, 26-12-5, 60:00 minutes
Players Stats for Ice Dragons
Player Name G A P +/- PIM S H SB GA TA FO MP PP MP PK MP
------------------------------------------------------------------------------------
Adam Larsson 0 0 0 0 0 0 0 0 0 0 0/0 12:36 0:00 3:04
Brandon Kozun 0 0 0 0 2 0 1 1 0 0 0/0 13:47 0:00 0:00
Brendon Nash 0 2 2 0 0 3 1 0 0 0 0/0 22:19 1:46 2:53
Chris Wagner 0 0 0 0 0 0 0 0 0 0 0/0 1:27 0:00 0:00
Curtis Glencross 1 0 1 0 0 6 1 0 1 1 1/8 26:04 2:19 4:41
Joe Callahan 0 0 0 0 0 1 2 2 0 0 0/0 28:29 2:38 5:08
Justin Faulk 0 1 1 0 4 4 1 0 1 1 0/0 27:16 2:38 3:56
Kevin Connauton 0 1 1 0 0 1 1 0 0 1 0/0 16:59 1:46 1:01
Logan MacMillan 1 0 1 0 0 2 0 1 0 0 0/0 13:12 0:00 0:00
Michael Chaput 0 0 0 0 0 3 0 0 0 1 8/12 13:26 0:00 0:35
Michael Ferland 0 0 0 0 0 0 1 0 0 0 0/1 5:17 0:00 2:36
Michael Latta 0 0 0 0 4 3 2 0 0 1 12/25 20:55 2:19 1:23
Petr Vrana 0 2 2 0 0 3 2 0 1 0 0/0 15:51 2:05 0:22
Ryan Reaves 0 0 0 0 0 0 2 0 0 0 0/0 15:15 2:05 0:00
Sam Carrick 0 0 0 0 0 0 0 0 0 0 0/1 3:04 0:00 0:00
Samuel Groulx 0 0 0 0 0 0 0 0 0 0 0/0 12:20 0:00 0:22
Troy Brouwer 0 1 1 0 2 7 2 0 0 0 0/2 24:02 2:19 4:01
Tyler Haskins 2 0 2 0 0 5 2 2 0 0 7/12 18:59 2:05 2:46
Players Stats for Griffins
Player Name G A P +/- PIM S H SB GA TA FO MP PP MP PK MP
------------------------------------------------------------------------------------
Ben Hanowski 0 1 1 1 0 1 1 1 0 0 0/0 15:33 3:20 0:00
Gord Baldwin 0 0 0 0 0 1 1 1 0 1 0/0 21:18 2:53 2:36
Greg Mauldin 0 0 0 -2 0 3 0 1 1 0 4/10 16:06 3:20 0:46
J.T. Brown 0 0 0 -2 0 2 0 0 1 0 0/0 12:27 0:05 0:00
Jamie Arniel 0 3 3 1 2 4 0 0 0 0 22/37 26:18 4:46 1:33
Jan Mursak 0 0 0 1 0 0 0 2 0 0 0/1 9:06 0:05 0:24
Kyle Lawson 0 0 0 0 0 0 0 0 0 0 0/0 4:02 0:00 0:10
Lukas Krajicek 1 2 3 2 0 2 2 1 1 0 0/0 26:03 5:19 2:29
Mike Duco 1 0 1 1 0 1 0 1 0 0 0/1 8:27 0:00 0:24
Nathan Oystrick 0 0 0 -2 0 0 2 2 1 0 0/0 16:51 0:00 1:55
Oscar Klefbom 0 0 0 0 0 1 1 1 0 0 0/0 18:57 5:19 0:00
Petr Pohl 0 1 1 0 2 3 2 0 0 0 0/1 20:39 4:47 1:07
Petter Granberg 0 0 0 -2 0 0 1 0 0 0 0/0 9:55 0:00 0:00
Pontus Aberg 0 0 0 0 0 0 2 0 0 0 0/0 15:04 0:05 1:05
Robert Dome 2 0 2 1 0 6 4 0 1 0 2/2 18:28 4:47 0:15
Simon Despres 1 0 1 2 2 2 1 4 0 1 0/0 22:53 2:53 1:38
Tye McGinn 0 0 0 -2 0 0 4 0 0 1 1/2 17:34 3:20 1:34
Vladislav Namestnikov 0 0 0 1 0 1 1 0 0 0 4/7 15:28 0:00 1:40
3 Stars
1 - Lukas Krajicek (Cap)
2 - Robert Dome (Cap)
3 - Tyler Haskins (Kin)
Power Play
Ice Dragons - 1 on 3 Attempt(s) - 33.33%
Griffins - 2 on 6 Attempt(s) - 33.33%
Penalty Kill
Ice Dragons - 4 on 6 Attempt(s) - 66.67%
- Score 0 goal in Penalty Kill
Griffins - 2 on 3 Attempt(s) - 66.67%
- Score 0 goal in Penalty Kill
Team Stat
Ice Dragons - Hits : 18 - Faceoff Wins : 28 - Blocked Shots : 6 - Penalty Minutes : 12
Griffins - Hits : 22 - Faceoff Wins : 33 - Blocked Shots : 14 - Penalty Minutes : 6
Official
Referees : Pollock Kevin and StPierre Justin
Linesman : Ryan Galloway and Brian Mach
Game Notes
Harru Sateri enters game at 0:52 of 3rd period
12:01 of 3rd period - Ice Dragons goal is going for a video replay. After video review, Goal.
Finance
Level 1 -- Attendance: 1326 (66.30%) -- Ticket Income $46,410
Level 2 -- Attendance: 774 (77.40%) -- Ticket Income $15,480
Total Attendance: 2100 (70.00%)
Total Ticket Income: $61,890
Other Income: $3,094
Total Income: $64,984
Ice Dragons
5 vs 5 Forward
Center Left Wing Right Wing Time % Phy DF OF
1 Michael Latta Curtis Glencross Troy Brouwer 40 2 2 1
2 Tyler Haskins Petr Vrana Ryan Reaves 30 2 2 1
3 Michael Chaput Logan MacMillan Brandon Kozun 20 2 2 1
4 Tyler Haskins Michael Ferland Curtis Glencross 10 2 2 1
5 vs 5 Defense
Defense Defense Time % Phy DF OF
1 Justin Faulk Joe Callahan 40 2 2 1
2 Brendon Nash Kevin Connauton 30 2 2 1
3 Samuel Groulx Adam Larsson 20 2 2 1
4 Samuel Groulx Brendon Nash 10 2 2 1
PowerPlay Forward
Center Left Wing Right Wing Time % Phy DF OF
1 Michael Latta Curtis Glencross Troy Brouwer 60 1 1 3
2 Tyler Haskins Petr Vrana Ryan Reaves 40 1 1 3
PowerPlay Defense
Defense Defense Time % Phy DF OF
1 Justin Faulk Joe Callahan 60 1 1 3
2 Brendon Nash Kevin Connauton 40 1 1 3
Penalty Kill 4 Players Forward
Center Wing Time % Phy DF OF
1 Curtis Glencross Troy Brouwer 60 1 4 0
2 Michael Latta Tyler Haskins 40 1 4 0
Penalty Kill 4 Players Defense
Defense Defense Time % Phy DF OF
1 Justin Faulk Joe Callahan 60 1 4 0
2 Brendon Nash Adam Larsson 40 1 4 0
Penalty Kill - 3 Players Forward
Forward Time % Phy DF OF
1 Logan MacMillan 60 1 4 0
2 Troy Brouwer 40 1 4 0
Penalty Kill - 3 Players Defense
Defense Defense Time % Phy DF OF
1 Justin Faulk Joe Callahan 60 1 4 0
2 Samuel Groulx Adam Larsson 40 1 4 0
4 vs 4 Forward
Center Wing Time % Phy DF OF
1 Curtis Glencross Troy Brouwer 60 2 2 1
2 Michael Latta Tyler Haskins 40 2 2 1
4 vs 4 Defense
Defense Defense Time % Phy DF OF
1 Justin Faulk Joe Callahan 60 2 2 1
2 Brendon Nash Kevin Connauton 40 2 2 1
Last Minutes Offensive
Center Left Wing Right Wing Defense Defense
Michael Latta Curtis Glencross Troy Brouwer Justin Faulk Joe Callahan
Last Minutes Defensive
Center Left Wing Right Wing Defense Defense
Michael Latta Curtis Glencross Troy Brouwer Justin Faulk Joe Callahan
Goaltenders
Starting : Anders Nilsson
Backup : Harru Sateri
Extra Forwards
Normal : Sam Carrick, Logan MacMillan, Chris Wagner - PP : Sam Carrick, Brandon Kozun - PK : Michael Ferland
Extra Defensemen
Normal : Justin Faulk, Adam Larsson, Brendon Nash - PP : Brendon Nash - PK : Kevin Connauton, Samuel Groulx
Penalty Shots
Curtis Glencross, Troy Brouwer, Michael Latta, Tyler Haskins, Petr Vrana
Scratches
Theodor Blueger (Healthy), Justin Shugg (Healthy), Tomas Kudelka (Broken Right Foot Toe Injury), Christian Djoos (Healthy), Michael Stone (Healthy)
Oscar Dansk (Healthy)
Griffins
5 vs 5 Forward
Center Left Wing Right Wing Time % Phy DF OF
1 Jamie Arniel Pontus Aberg Petr Pohl 40 0 2 3
2 Greg Mauldin Tye McGinn J.T. Brown 25 0 2 3
3 Vladislav Namestnikov Robert Dome Ben Hanowski 25 0 2 3
4 Jamie Arniel Jan Mursak Mike Duco 10 0 2 3
5 vs 5 Defense
Defense Defense Time % Phy DF OF
1 Lukas Krajicek Simon Despres 40 1 2 2
2 Gord Baldwin Oscar Klefbom 30 1 2 2
3 Nathan Oystrick Petter Granberg 20 1 2 2
4 Nathan Oystrick Kyle Lawson 10 1 2 2
PowerPlay Forward
Center Left Wing Right Wing Time % Phy DF OF
1 Jamie Arniel Robert Dome Petr Pohl 60 0 1 4
2 Greg Mauldin Tye McGinn Ben Hanowski 40 0 1 4
PowerPlay Defense
Defense Defense Time % Phy DF OF
1 Oscar Klefbom Lukas Krajicek 60 0 1 4
2 Gord Baldwin Simon Despres 40 0 1 4
Penalty Kill 4 Players Forward
Center Wing Time % Phy DF OF
1 Jamie Arniel Petr Pohl 60 1 2 2
2 Jan Mursak Mike Duco 40 1 2 2
Penalty Kill 4 Players Defense
Defense Defense Time % Phy DF OF
1 Gord Baldwin Lukas Krajicek 60 1 2 2
2 Simon Despres Nathan Oystrick 40 1 2 2
Penalty Kill - 3 Players Forward
Forward Time % Phy DF OF
1 Jamie Arniel 60 1 2 2
2 Mike Duco 40 1 2 2
Penalty Kill - 3 Players Defense
Defense Defense Time % Phy DF OF
1 Gord Baldwin Lukas Krajicek 60 1 2 2
2 Simon Despres Nathan Oystrick 40 1 2 2
4 vs 4 Forward
Center Wing Time % Phy DF OF
1 Jamie Arniel Petr Pohl 60 1 2 2
2 Greg Mauldin Tye McGinn 40 1 2 2
4 vs 4 Defense
Defense Defense Time % Phy DF OF
1 Nathan Oystrick Gord Baldwin 60 1 2 2
2 Lukas Krajicek Simon Despres 40 1 2 2
Last Minutes Offensive
Center Left Wing Right Wing Defense Defense
Jamie Arniel Tye McGinn Petr Pohl Lukas Krajicek Oscar Klefbom
Last Minutes Defensive
Center Left Wing Right Wing Defense Defense
Jamie Arniel Jan Mursak Mike Duco Gord Baldwin Nathan Oystrick
Goaltenders
Starting : Jason Missiaen
Backup : Malcolm Subban
Extra Forwards
Normal : Jamie Arniel, Tye McGinn, Robert Dome - PP : Pontus Aberg, Ben Hanowski - PK : Petr Pohl
Extra Defensemen
Normal : Oscar Klefbom, Simon Despres, Petter Granberg - PP : Petter Granberg - PK : Simon Despres, Kyle Lawson
Penalty Shots
Jamie Arniel, Jan Mursak, Ben Hanowski, Robert Dome, Greg Mauldin
Scratches
Devin Shore (Left Ankle Injury), Garrett Wilson (Healthy), Tanner Kero (Healthy), Greg McKegg (Healthy), Lucas Lessio (Healthy)
Brett Bulmer (Healthy), Stuart Percy (Healthy), Rich Clune (Healthy), Jerome Gauthier-Leduc (Healthy), Konrad Abeltshauser (Healthy)
Tomas Hyka (Healthy), Brian Hart (Healthy), Casey Wellman (Healthy), Justin Braun (Strained Right Elbow Injury), Thomas Greiss (Healthy)
% Time on Ice - Ice Dragons
Lines # - Real PCT - Wanted PCT - Time Play
Normal Forward
1 - 35% - 40% - 16:13
2 - 31% - 30% - 14:02
3 - 28% - 20% - 12:51
4 - 6% - 10% - 2:41
Normal Defense
1 - 42% - 40% - 19:17
2 - 32% - 30% - 14:33
3 - 19% - 20% - 8:37
4 - 7% - 10% - 3:20
PP Forward
1 - 53% - 60% - 2:19
2 - 47% - 40% - 2:05
PP Defense
1 - 60% - 60% - 2:38
2 - 40% - 40% - 1:46
PK Forward
1 - 66% - 60% - 5:26
2 - 34% - 40% - 2:46
PK Defense
1 - 65% - 60% - 5:19
2 - 35% - 40% - 2:53
PK3 Forward
1 - 0% - 60%
2 - 0% - 40%
PK3 Defense
1 - 0% - 60%
2 - 0% - 40%
44 Forward
1 - 100% - 60% - 0:24
2 - 0% - 40% - 0:00
44 Defense
1 - 100% - 60% - 0:24
2 - 0% - 40% - 0:00
Last Minute Offensive - 1:13
Last Minute Defensive - 0:00
Total
Forward - 60:00
Defense - 60:00
|
% Time on Ice - Griffins
Lines # - Real PCT - Wanted PCT - Time Play
Normal Forward
1 - 32% - 40% - 14:32
2 - 28% - 25% - 12:52
3 - 25% - 25% - 11:33
4 - 15% - 10% - 6:49
Normal Defense
1 - 41% - 40% - 18:47
2 - 30% - 30% - 13:44
3 - 21% - 20% - 9:23
4 - 8% - 10% - 3:52
PP Forward
1 - 59% - 60% - 4:52
2 - 41% - 40% - 3:20
PP Defense
1 - 65% - 60% - 5:19
2 - 35% - 40% - 2:53
PK Forward
1 - 91% - 60% - 4:00
2 - 9% - 40% - 0:24
PK Defense
1 - 59% - 60% - 2:36
2 - 41% - 40% - 1:48
PK3 Forward
1 - 0% - 60%
2 - 0% - 40%
PK3 Defense
1 - 0% - 60%
2 - 0% - 40%
44 Forward
1 - 100% - 60% - 0:24
2 - 0% - 40% - 0:00
44 Defense
1 - 100% - 60% - 0:24
2 - 0% - 40% - 0:00
Last Minute Offensive - 0:00
Last Minute Defensive - 1:14
Total
Forward - 60:00
Defense - 60:00
|
Play by Play
1st period
0:01 of 1st period - Jamie Arniel wins face-off versus Troy Brouwer in neutral zone.
0:13 of 1st period - Snap shot by Troy Brouwer.
0:13 of 1st period - Stopped by Jason Missiaen with a rebound.
0:15 of 1st period - Snap shot by Michael Latta.
0:15 of 1st period - Stopped by Jason Missiaen without a rebound.
0:16 of 1st period - Tyler Haskins wins face-off versus Greg Mauldin in Griffins zone.
0:41 of 1st period - Robert Dome is hit by Brendon Nash and loses puck.
1:04 of 1st period - Wrist shot by Jamie Arniel.
1:04 of 1st period - Shot Misses the Net.
1:22 of 1st period - Ryan Reaves is hit by Tye McGinn.
2:17 of 1st period - Minor Penalty to Brandon Kozun for Holding.
2:18 of 1st period - Jamie Arniel wins face-off versus Curtis Glencross in Ice Dragons zone.
4:17 of 1st period - Penalty to Brandon Kozun is over, Brandon Kozun is back on ice.
4:17 of 1st period - Troy Brouwer is hit by Pontus Aberg and loses puck.
4:35 of 1st period - Slapshot by Troy Brouwer.
4:35 of 1st period - Stopped by Jason Missiaen without a rebound.
4:36 of 1st period - Tyler Haskins wins face-off versus Jamie Arniel in Griffins zone.
4:37 of 1st period - Slapshot by Petr Vrana.
4:37 of 1st period - Shot Misses the Net.
4:39 of 1st period - Snap shot by Joe Callahan.
4:39 of 1st period - Shot Misses the Net.
5:01 of 1st period - Brendon Nash is hit by Robert Dome and loses puck.
5:08 of 1st period - Ben Hanowski is hit by Joe Callahan and loses puck.
5:23 of 1st period - Wrist shot by Greg Mauldin.
5:23 of 1st period - Stopped by Anders Nilsson with a rebound.
6:30 of 1st period - Samuel Groulx is hit by Pontus Aberg and loses puck.
6:59 of 1st period - Icing by Jamie Arniel.
7:00 of 1st period - Tyler Haskins wins face-off versus Jamie Arniel in Griffins zone.
7:13 of 1st period - Kevin Connauton is hit by Nathan Oystrick.
7:43 of 1st period - Slapshot by Brendon Nash.
7:43 of 1st period - Stopped by Jason Missiaen with a rebound.
7:45 of 1st period - Snap shot by Brandon Kozun.
7:45 of 1st period - Shot Blocked by Simon Despres.
7:47 of 1st period - Snap shot by Michael Chaput.
7:47 of 1st period - Stopped by Jason Missiaen with a rebound.
7:49 of 1st period - Slapshot by Logan MacMillan.
7:49 of 1st period - Shot Blocked by Simon Despres.
7:51 of 1st period - Slapshot by Brendon Nash.
7:51 of 1st period - Stopped by Jason Missiaen with a rebound.
8:36 of 1st period - Lukas Krajicek is hit by Ryan Reaves and loses puck.
10:30 of 1st period - Snap shot by Troy Brouwer.
10:30 of 1st period - Deflect By Michael Latta.
10:30 of 1st period - Shot Misses the Net.
10:30 of 1st period - Puck is out of play.
10:31 of 1st period - Vladislav Namestnikov wins face-off versus Michael Latta in Griffins zone.
10:42 of 1st period - Snap shot by Justin Faulk.
10:42 of 1st period - Deflect By Jan Mursak.
10:42 of 1st period - Stopped by Jason Missiaen with a rebound.
10:58 of 1st period - Snap shot by Logan MacMillan.
10:58 of 1st period - Shot Misses the Net.
11:00 of 1st period - Wrist shot by Michael Chaput.
11:00 of 1st period - Deflect By Logan MacMillan.
11:00 of 1st period - Stopped by Jason Missiaen with a rebound.
11:26 of 1st period - Snap shot by Jamie Arniel.
11:26 of 1st period - Shot Misses the Net.
11:44 of 1st period - Slapshot by Robert Dome.
11:44 of 1st period - Deflect By Ben Hanowski.
11:44 of 1st period - Stopped by Anders Nilsson with a rebound.
11:54 of 1st period - Wrist shot by Greg Mauldin.
11:54 of 1st period - Shot Misses the Net.
11:56 of 1st period - Slapshot by Greg Mauldin.
11:56 of 1st period - Shot Misses the Net.
11:58 of 1st period - Snap shot by J.T. Brown.
11:58 of 1st period - Shot Misses the Net.
12:05 of 1st period - Icing by Michael Latta.
12:06 of 1st period - Michael Chaput wins face-off versus Mike Duco in Ice Dragons zone.
12:11 of 1st period - Jamie Arniel is hit by Justin Faulk and loses puck.
12:28 of 1st period - Snap shot by Petr Vrana.
12:28 of 1st period - Shot Misses the Net.
12:30 of 1st period - Snap shot by Tyler Haskins.
12:30 of 1st period - Goal by Tyler Haskins - Ice Dragons : 1 - Griffins : 0.
12:31 of 1st period - Michael Latta wins face-off versus Petr Pohl in neutral zone.
12:37 of 1st period - Off-side.
12:38 of 1st period - Jamie Arniel wins face-off versus Troy Brouwer in neutral zone.
13:23 of 1st period - Snap shot by Robert Dome.
13:23 of 1st period - Shot Misses the Net.
13:25 of 1st period - Snap shot by Robert Dome.
13:25 of 1st period - Stopped by Anders Nilsson with a rebound.
13:27 of 1st period - Slapshot by Lukas Krajicek.
13:27 of 1st period - Stopped by Anders Nilsson without a rebound.
13:28 of 1st period - Michael Chaput wins face-off versus Jamie Arniel in Ice Dragons zone.
13:41 of 1st period - Snap shot by Joe Callahan.
13:41 of 1st period - Deflect By Michael Chaput.
13:41 of 1st period - Stopped by Jason Missiaen with a rebound.
14:03 of 1st period - Snap shot by J.T. Brown.
14:03 of 1st period - Stopped by Anders Nilsson with a rebound.
14:05 of 1st period - Snap shot by Tye McGinn.
14:05 of 1st period - Shot Blocked by Logan MacMillan.
14:15 of 1st period - Wrist shot by Robert Dome.
14:15 of 1st period - Shot Misses the Net.
14:17 of 1st period - Wrist shot by Robert Dome.
14:17 of 1st period - Goal by Robert Dome - Ice Dragons : 1 - Griffins : 1.
14:18 of 1st period - Jamie Arniel wins face-off versus Michael Latta in neutral zone.
14:28 of 1st period - Minor Penalty to Michael Latta for Hooking.
14:29 of 1st period - Jamie Arniel wins face-off versus Curtis Glencross in Ice Dragons zone.
14:45 of 1st period - Snap shot by Petr Pohl.
14:45 of 1st period - Deflect By Jamie Arniel.
14:45 of 1st period - Shot Blocked by Joe Callahan.
14:45 of 1st period - Puck is out of play.
14:46 of 1st period - Curtis Glencross wins face-off versus Greg Mauldin in Ice Dragons zone.
14:51 of 1st period - Snap shot by Greg Mauldin.
14:51 of 1st period - Shot Hit the Post.
15:26 of 1st period - Wrist shot by Robert Dome.
15:26 of 1st period - Stopped by Anders Nilsson with a rebound.
16:28 of 1st period - Penalty to Michael Latta is over, Michael Latta is back on ice.
16:39 of 1st period - Off-side.
16:40 of 1st period - Michael Chaput wins face-off versus Vladislav Namestnikov in neutral zone.
16:42 of 1st period - Off-side.
16:43 of 1st period - Greg Mauldin wins face-off versus Michael Chaput in neutral zone.
16:46 of 1st period - Michael Chaput is hit by Tye McGinn and loses puck.
16:58 of 1st period - Brendon Nash is hit by Nathan Oystrick and loses puck.
17:01 of 1st period - Slapshot by Kevin Connauton.
17:01 of 1st period - Shot Misses the Net.
17:03 of 1st period - Wrist shot by Logan MacMillan.
17:03 of 1st period - Goal by Logan MacMillan - Ice Dragons : 2 - Griffins : 1.
17:04 of 1st period - Michael Latta wins face-off versus Jamie Arniel in neutral zone.
17:06 of 1st period - Off-side.
17:07 of 1st period - Jamie Arniel wins face-off versus Michael Latta in neutral zone.
17:52 of 1st period - Michael Latta is hit by Vladislav Namestnikov and loses puck.
18:16 of 1st period - Slapshot by Michael Latta.
18:16 of 1st period - Stopped by Jason Missiaen without a rebound.
18:17 of 1st period - Tyler Haskins wins face-off versus Jamie Arniel in Griffins zone.
18:22 of 1st period - Wrist shot by Tyler Haskins.
18:22 of 1st period - Stopped by Jason Missiaen with a rebound.
19:06 of 1st period - Snap shot by Jamie Arniel.
19:06 of 1st period - Stopped by Anders Nilsson with a rebound.
19:12 of 1st period - Snap shot by Jamie Arniel.
19:12 of 1st period - Stopped by Anders Nilsson with a rebound.
19:14 of 1st period - Slapshot by Jamie Arniel.
19:14 of 1st period - Stopped by Anders Nilsson with a rebound.
19:16 of 1st period - Slapshot by Lukas Krajicek.
19:16 of 1st period - Deflect By Mike Duco.
19:16 of 1st period - Goal by Mike Duco - Ice Dragons : 2 - Griffins : 2.
19:17 of 1st period - Michael Chaput wins face-off versus Vladislav Namestnikov in neutral zone.
19:52 of 1st period - Snap shot by Troy Brouwer.
19:52 of 1st period - Stopped by Jason Missiaen with a rebound.
Goals for this period are 2 for Ice Dragons vs 2 for Griffins.
Shots for this period are 14 for Ice Dragons vs 11 for Griffins.
2nd period
0:01 of 2nd period - Michael Latta wins face-off versus Jamie Arniel in neutral zone.
0:03 of 2nd period - Minor Penalty to Michael Latta for Hooking.
0:04 of 2nd period - Robert Dome wins face-off versus Curtis Glencross in Ice Dragons zone.
0:21 of 2nd period - Off-side.
0:22 of 2nd period - Greg Mauldin wins face-off versus Curtis Glencross in neutral zone.
0:37 of 2nd period - Troy Brouwer is hit by Lukas Krajicek and loses puck.
1:01 of 2nd period - Wrist shot by Tyler Haskins.
1:01 of 2nd period - Stopped by Jason Missiaen with a rebound.
1:22 of 2nd period - Icing by Jamie Arniel.
1:23 of 2nd period - Jamie Arniel wins face-off versus Michael Chaput in Griffins zone.
1:27 of 2nd period - Off-side.
1:28 of 2nd period - Michael Chaput wins face-off versus Jamie Arniel in neutral zone.
1:38 of 2nd period - Minor Penalty to Jamie Arniel for Tripping.
1:39 of 2nd period - Tye McGinn wins face-off versus Curtis Glencross in Griffins zone.
1:51 of 2nd period - Wrist shot by Tye McGinn.
1:51 of 2nd period - Shot Blocked by Joe Callahan.
1:57 of 2nd period - Curtis Glencross is hit by Tye McGinn and loses puck.
2:03 of 2nd period - Penalty to Michael Latta is over, Michael Latta is back on ice.
3:10 of 2nd period - Icing by Kevin Connauton.
3:11 of 2nd period - Michael Latta wins face-off versus Greg Mauldin in Ice Dragons zone.
3:38 of 2nd period - Penalty to Jamie Arniel is over, Jamie Arniel is back on ice.
4:34 of 2nd period - Samuel Groulx is hit by Ben Hanowski and loses puck.
5:14 of 2nd period - Slapshot by Simon Despres.
5:14 of 2nd period - Stopped by Anders Nilsson without a rebound.
5:15 of 2nd period - Tyler Haskins wins face-off versus Greg Mauldin in Ice Dragons zone.
5:24 of 2nd period - Snap shot by Greg Mauldin.
5:24 of 2nd period - Stopped by Anders Nilsson without a rebound.
5:25 of 2nd period - Jamie Arniel wins face-off versus Michael Latta in Ice Dragons zone.
5:26 of 2nd period - Snap shot by Petr Pohl.
5:26 of 2nd period - Shot Misses the Net.
5:36 of 2nd period - Wrist shot by Curtis Glencross.
5:36 of 2nd period - Stopped by Jason Missiaen without a rebound.
5:37 of 2nd period - Jamie Arniel wins face-off versus Tyler Haskins in Griffins zone.
6:02 of 2nd period - Michael Latta is hit by Robert Dome and loses puck.
6:23 of 2nd period - Backhand shot by Tye McGinn.
6:23 of 2nd period - Shot Misses the Net.
6:53 of 2nd period - Icing by Kevin Connauton.
6:54 of 2nd period - Michael Chaput wins face-off versus Jamie Arniel in Ice Dragons zone.
7:51 of 2nd period - Snap shot by Michael Chaput.
7:51 of 2nd period - Deflect By Robert Dome.
7:51 of 2nd period - Stopped by Jason Missiaen without a rebound.
7:52 of 2nd period - Jamie Arniel wins face-off versus Michael Latta in Griffins zone.
8:02 of 2nd period - Wrist shot by Oscar Klefbom.
8:02 of 2nd period - Stopped by Anders Nilsson with a rebound.
8:25 of 2nd period - Slapshot by Oscar Klefbom.
8:25 of 2nd period - Shot Misses the Net.
8:27 of 2nd period - Snap shot by Tye McGinn.
8:27 of 2nd period - Shot Blocked by Tyler Haskins.
8:29 of 2nd period - Slapshot by Greg Mauldin.
8:29 of 2nd period - Stopped by Anders Nilsson with a rebound.
8:31 of 2nd period - Slapshot by Gord Baldwin.
8:31 of 2nd period - Shot Misses the Net.
9:56 of 2nd period - Petr Pohl is hit by Michael Latta and loses puck.
13:13 of 2nd period - Lukas Krajicek is hit by Joe Callahan and loses puck.
13:39 of 2nd period - Icing by Logan MacMillan.
13:40 of 2nd period - Jamie Arniel wins face-off versus Michael Chaput in Ice Dragons zone.
14:00 of 2nd period - J.T. Brown is hit by Troy Brouwer.
14:39 of 2nd period - Snap shot by Petr Vrana.
14:39 of 2nd period - Shot Misses the Net.
14:51 of 2nd period - Wrist shot by Logan MacMillan.
14:51 of 2nd period - Shot Blocked by Greg Mauldin.
14:53 of 2nd period - Wrist shot by Kevin Connauton.
14:53 of 2nd period - Stopped by Jason Missiaen without a rebound.
14:54 of 2nd period - Michael Chaput wins face-off versus Greg Mauldin in Griffins zone.
14:55 of 2nd period - Wrist shot by Brandon Kozun.
14:55 of 2nd period - Shot Blocked by Simon Despres.
14:57 of 2nd period - Wrist shot by Brandon Kozun.
14:57 of 2nd period - Shot Blocked by Lukas Krajicek.
15:27 of 2nd period - Snap shot by Petr Vrana.
15:27 of 2nd period - Stopped by Jason Missiaen without a rebound.
15:28 of 2nd period - Jamie Arniel wins face-off versus Michael Latta in Griffins zone.
15:39 of 2nd period - Minor Penalty to Petr Pohl for Holding.
15:40 of 2nd period - Michael Latta wins face-off versus Jamie Arniel in Griffins zone.
16:18 of 2nd period - Snap shot by Petr Vrana.
16:18 of 2nd period - Stopped by Jason Missiaen without a rebound.
16:19 of 2nd period - Michael Latta wins face-off versus Jamie Arniel in Griffins zone.
16:24 of 2nd period - Slapshot by Michael Latta.
16:24 of 2nd period - Shot Misses the Net.
16:46 of 2nd period - Pontus Aberg is hit by Kevin Connauton and loses puck.
17:32 of 2nd period - Icing by Curtis Glencross.
17:33 of 2nd period - Michael Latta wins face-off versus Greg Mauldin in Ice Dragons zone.
17:39 of 2nd period - Penalty to Petr Pohl is over, Petr Pohl is back on ice.
18:32 of 2nd period - Curtis Glencross is hit by Petter Granberg and loses puck.
18:45 of 2nd period - Petr Vrana is hit by Robert Dome.
18:49 of 2nd period - Backhand shot by Tyler Haskins.
18:49 of 2nd period - Stopped by Jason Missiaen without a rebound.
18:50 of 2nd period - Jamie Arniel wins face-off versus Tyler Haskins in Griffins zone.
18:59 of 2nd period - Snap shot by Jamie Arniel.
18:59 of 2nd period - Shot Misses the Net.
19:34 of 2nd period - Slapshot by Justin Faulk.
19:34 of 2nd period - Shot Blocked by Ben Hanowski.
19:42 of 2nd period - Snap shot by Curtis Glencross.
19:42 of 2nd period - Shot Blocked by Oscar Klefbom.
19:52 of 2nd period - Ryan Reaves is hit by Petr Pohl and loses puck.
Goals for this period are 0 for Ice Dragons vs 0 for Griffins.
Shots for this period are 7 for Ice Dragons vs 4 for Griffins.
3rd period
0:01 of 3rd period - Jamie Arniel wins face-off versus Michael Latta in neutral zone.
0:14 of 3rd period - Wrist shot by Jamie Arniel.
0:14 of 3rd period - Shot Misses the Net.
0:16 of 3rd period - Minor Penalty to Troy Brouwer for High sticking.
0:17 of 3rd period - Jamie Arniel wins face-off versus Michael Ferland in Ice Dragons zone.
0:48 of 3rd period - Slapshot by Simon Despres.
0:48 of 3rd period - Goal by Simon Despres - Ice Dragons : 2 - Griffins : 3.
0:49 of 3rd period - Jamie Arniel wins face-off versus Michael Latta in neutral zone.
0:52 of 3rd period - Slapshot by Lukas Krajicek.
0:52 of 3rd period - Goal by Lukas Krajicek - Ice Dragons : 2 - Griffins : 4.
0:52 of 3rd period - Harru Sateri enters game.
0:53 of 3rd period - Jamie Arniel wins face-off versus Michael Latta in neutral zone.
0:56 of 3rd period - Curtis Glencross is hit by Petr Pohl and loses puck.
1:24 of 3rd period - Wrist shot by Petr Pohl.
1:24 of 3rd period - Stopped by Harru Sateri without a rebound.
1:25 of 3rd period - Vladislav Namestnikov wins face-off versus Michael Chaput in Ice Dragons zone.
1:28 of 3rd period - Wrist shot by Ben Hanowski.
1:28 of 3rd period - Shot Blocked by Brandon Kozun.
1:30 of 3rd period - Slapshot by Vladislav Namestnikov.
1:30 of 3rd period - Shot Misses the Net.
1:32 of 3rd period - Slapshot by Ben Hanowski.
1:32 of 3rd period - Deflect By Robert Dome.
1:32 of 3rd period - Shot Misses the Net.
1:32 of 3rd period - Puck is out of play.
1:33 of 3rd period - Vladislav Namestnikov wins face-off versus Michael Latta in Ice Dragons zone.
1:34 of 3rd period - Snap shot by Robert Dome.
1:34 of 3rd period - Stopped by Harru Sateri without a rebound.
1:35 of 3rd period - Vladislav Namestnikov wins face-off versus Michael Latta in Ice Dragons zone.
2:02 of 3rd period - Slapshot by Oscar Klefbom.
2:02 of 3rd period - Shot Blocked by Tyler Haskins.
2:04 of 3rd period - Slapshot by Gord Baldwin.
2:04 of 3rd period - Stopped by Harru Sateri with a rebound.
2:06 of 3rd period - Snap shot by Vladislav Namestnikov.
2:06 of 3rd period - Stopped by Harru Sateri without a rebound.
2:07 of 3rd period - Michael Latta wins face-off versus Jamie Arniel in Ice Dragons zone.
2:22 of 3rd period - Backhand shot by Jamie Arniel.
2:22 of 3rd period - Stopped by Harru Sateri without a rebound.
2:23 of 3rd period - Jamie Arniel wins face-off versus Tyler Haskins in Ice Dragons zone.
2:57 of 3rd period - Slapshot by Curtis Glencross.
2:57 of 3rd period - Shot Misses the Net.
3:07 of 3rd period - Wrist shot by J.T. Brown.
3:07 of 3rd period - Stopped by Harru Sateri with a rebound.
3:13 of 3rd period - Brandon Kozun is hit by Gord Baldwin and loses puck.
3:28 of 3rd period - Nathan Oystrick is hit by Ryan Reaves and loses puck.
3:51 of 3rd period - Slapshot by Curtis Glencross.
3:51 of 3rd period - Stopped by Jason Missiaen with a rebound.
4:07 of 3rd period - J.T. Brown is hit by Tyler Haskins.
4:25 of 3rd period - Logan MacMillan is hit by Lukas Krajicek and loses puck.
4:52 of 3rd period - Wrist shot by Petr Vrana.
4:52 of 3rd period - Shot Misses the Net.
5:17 of 3rd period - Minor Penalty to Justin Faulk for Hooking.
5:18 of 3rd period - Jamie Arniel wins face-off versus Curtis Glencross in Ice Dragons zone.
5:25 of 3rd period - Snap shot by Robert Dome.
5:25 of 3rd period - Goal by Robert Dome - Ice Dragons : 2 - Griffins : 5.
5:26 of 3rd period - Jamie Arniel wins face-off versus Michael Latta in neutral zone.
6:04 of 3rd period - Minor Penalty to Justin Faulk for Interference.
6:05 of 3rd period - Jamie Arniel wins face-off versus Curtis Glencross in Ice Dragons zone.
7:45 of 3rd period - Greg Mauldin is hit by Michael Ferland and loses puck.
8:00 of 3rd period - Petr Pohl is hit by Michael Latta and loses puck.
8:04 of 3rd period - Penalty to Justin Faulk is over, Justin Faulk is back on ice.
8:40 of 3rd period - Snap shot by Petr Pohl.
8:40 of 3rd period - Stopped by Harru Sateri with a rebound.
8:46 of 3rd period - Snap shot by Petr Pohl.
8:46 of 3rd period - Shot Misses the Net.
9:05 of 3rd period - Justin Faulk is hit by Robert Dome.
9:38 of 3rd period - Troy Brouwer is hit by Tye McGinn and loses puck.
10:23 of 3rd period - Icing by Petr Vrana.
10:24 of 3rd period - Greg Mauldin wins face-off versus Sam Carrick in Ice Dragons zone.
10:37 of 3rd period - Slapshot by Nathan Oystrick.
10:37 of 3rd period - Deflect By Mike Duco.
10:37 of 3rd period - Shot Misses the Net.
10:37 of 3rd period - Puck is out of play.
10:38 of 3rd period - Michael Chaput wins face-off versus Tye McGinn in Ice Dragons zone.
10:45 of 3rd period - Justin Faulk is hit by Simon Despres and loses puck.
11:04 of 3rd period - Backhand shot by Curtis Glencross.
11:04 of 3rd period - Stopped by Jason Missiaen with a rebound.
11:06 of 3rd period - Wrist shot by Samuel Groulx.
11:06 of 3rd period - Shot Misses the Net.
11:11 of 3rd period - Minor Penalty to Simon Despres for Roughing.
11:12 of 3rd period - Jamie Arniel wins face-off versus Michael Latta in Griffins zone.
11:12 of 3rd period - Jamie Arniel is hit by Troy Brouwer.
11:51 of 3rd period - Slapshot by Joe Callahan.
11:51 of 3rd period - Stopped by Jason Missiaen without a rebound.
11:52 of 3rd period - Tyler Haskins wins face-off versus Jan Mursak in Griffins zone.
11:53 of 3rd period - Wrist shot by Petr Vrana.
11:53 of 3rd period - Shot Blocked by Nathan Oystrick.
11:57 of 3rd period - Slapshot by Petr Vrana.
11:57 of 3rd period - Stopped by Jason Missiaen with a rebound.
11:59 of 3rd period - Snap shot by Tyler Haskins.
11:59 of 3rd period - Shot Blocked by Mike Duco.
12:01 of 3rd period - Snap shot by Tyler Haskins.
12:01 of 3rd period - Ice Dragons goal is going for a video replay.
12:01 of 3rd period - The goal is good.
12:01 of 3rd period - Goal by Tyler Haskins - Ice Dragons : 3 - Griffins : 5.
12:02 of 3rd period - Michael Latta wins face-off versus Jamie Arniel in neutral zone.
12:31 of 3rd period - Off-side.
12:32 of 3rd period - Robert Dome wins face-off versus Tyler Haskins in neutral zone.
12:34 of 3rd period - Oscar Klefbom is hit by Petr Vrana and loses puck.
13:03 of 3rd period - Snap shot by Curtis Glencross.
13:03 of 3rd period - Stopped by Jason Missiaen without a rebound.
13:04 of 3rd period - Michael Latta wins face-off versus Jamie Arniel in Griffins zone.
13:53 of 3rd period - Tye McGinn is hit by Brandon Kozun and loses puck.
14:16 of 3rd period - Off-side.
14:17 of 3rd period - Michael Latta wins face-off versus Jamie Arniel in neutral zone.
14:28 of 3rd period - Slapshot by Justin Faulk.
14:28 of 3rd period - Stopped by Jason Missiaen with a rebound.
14:34 of 3rd period - Troy Brouwer is hit by Oscar Klefbom and loses puck.
14:43 of 3rd period - Snap shot by Petr Pohl.
14:43 of 3rd period - Stopped by Harru Sateri with a rebound.
14:57 of 3rd period - Snap shot by Curtis Glencross.
14:57 of 3rd period - Stopped by Jason Missiaen with a rebound.
15:34 of 3rd period - Slapshot by Petr Pohl.
15:34 of 3rd period - Shot Misses the Net.
15:40 of 3rd period - Snap shot by Curtis Glencross.
15:40 of 3rd period - Shot Misses the Net.
15:42 of 3rd period - Slapshot by Troy Brouwer.
15:42 of 3rd period - Stopped by Jason Missiaen with a rebound.
15:44 of 3rd period - Snap shot by Michael Latta.
15:44 of 3rd period - Stopped by Jason Missiaen with a rebound.
15:46 of 3rd period - Slapshot by Brendon Nash.
15:46 of 3rd period - Stopped by Jason Missiaen with a rebound.
16:04 of 3rd period - Snap shot by Curtis Glencross.
16:04 of 3rd period - Goal by Curtis Glencross - Ice Dragons : 4 - Griffins : 5.
16:05 of 3rd period - Tyler Haskins wins face-off versus Vladislav Namestnikov in neutral zone.
16:08 of 3rd period - Robert Dome is hit by Tyler Haskins and loses puck.
16:21 of 3rd period - Wrist shot by Robert Dome.
16:21 of 3rd period - Stopped by Harru Sateri without a rebound.
16:22 of 3rd period - Greg Mauldin wins face-off versus Tyler Haskins in Ice Dragons zone.
16:59 of 3rd period - Snap shot by Michael Chaput.
16:59 of 3rd period - Shot Blocked by Simon Despres.
17:33 of 3rd period - Kyle Lawson is hit by Petr Vrana and loses puck.
18:54 of 3rd period - Jan Mursak is hit by Curtis Glencross and loses puck.
18:57 of 3rd period - Ice Dragons, Harru Sateri is pulled from the net.
19:07 of 3rd period - Wrist shot by Curtis Glencross.
19:07 of 3rd period - Shot Blocked by Jan Mursak.
19:09 of 3rd period - Wrist shot by Justin Faulk.
19:09 of 3rd period - Stopped by Jason Missiaen with a rebound.
19:17 of 3rd period - Snap shot by Troy Brouwer.
19:17 of 3rd period - Shot Blocked by Jan Mursak.
19:29 of 3rd period - Slapshot by Troy Brouwer.
19:29 of 3rd period - Shot Misses the Net.
19:31 of 3rd period - Wrist shot by Joe Callahan.
19:31 of 3rd period - Shot Blocked by Nathan Oystrick.
19:33 of 3rd period - Wrist shot by Michael Latta.
19:33 of 3rd period - Shot Misses the Net.
19:35 of 3rd period - Wrist shot by Justin Faulk.
19:35 of 3rd period - Stopped by Jason Missiaen with a rebound.
19:37 of 3rd period - Slapshot by Troy Brouwer.
19:37 of 3rd period - Stopped by Jason Missiaen without a rebound.
19:38 of 3rd period - Darryl Sutter call a timeout for Ice Dragons.
19:38 of 3rd period - Michael Latta wins face-off versus Jamie Arniel in Griffins zone.
19:39 of 3rd period - Slapshot by Curtis Glencross.
19:39 of 3rd period - Shot Misses the Net.
19:49 of 3rd period - Snap shot by Troy Brouwer.
19:49 of 3rd period - Stopped by Jason Missiaen with a rebound.
19:51 of 3rd period - Snap shot by Troy Brouwer.
19:51 of 3rd period - Stopped by Jason Missiaen with a rebound.
19:53 of 3rd period - Slapshot by Troy Brouwer.
19:53 of 3rd period - Shot Blocked by Gord Baldwin.
Goals for this period are 2 for Ice Dragons vs 3 for Griffins.
Shots for this period are 17 for Ice Dragons vs 12 for Griffins.
Back to the Top